General information
	        
			
        
        - name: grudge2
 
        - type: Ladder 1vs1/FFA
 
        - host: WWGT]Huginn
 
        - saver: WWGT]Huginn
 
        
map: FrostedMeadows 
        - players: 2
 
        - length: 10:46
 
        - speed: Fast
 - version: 1.21 W3XP
 - replay type:  Public
 
» download(42 KB)
Players
        team 1 (winner) 
              
              
» 
WWGT]Huginn (
red | 107 APM | 1154 actions | 10:46)
              
 3 Archmage 
 2 Summon Water Elemental
 1 Brilliance Aura
 1 Mountain King 
 1 Storm Bolt
 
                » actions 
                
                | Assign group hotkey | 67 |  | 
| Basic commands | 14 |  | 
| Build / train | 45 |  | 
| Enter build submenu | 19 |  | 
| Enter hero's abilities submenu | 5 |  | 
| Right click | 634 |  | 
| Select / deselect | 246 |  | 
| Select group hotkey | 83 |  | 
| Use ability | 41 |  | 
                1154 total
 » units 
                
                | Peasant | 9 |  | 
| Footman | 7 |  | 
| Sorceress | 6 |  | 
| Priest | 4 |  | 
                26 total
 » upgrades
                » buildings
                
                | Altar of Kings | 1 |  | 
| Barracks | 1 |  | 
| Farm | 6 |  | 
| Keep | 1 |  | 
| Arcane Vault | 2 |  | 
| Lumber Mill | 1 |  | 
| Arcane Sanctum | 2 |  | 
| Guard Tower | 6 |  | 
| Arcane Tower | 1 |  | 
| Scout Tower | 5 |  | 
                26 total
 » build order
                00:07 Altar of Kings
00:19 Barracks
00:28 Farm
00:49 Farm
01:36 Farm
02:57 Keep
03:20 Arcane Vault
03:23 Lumber Mill
03:31 Farm
04:49 Farm
05:21 Arcane Sanctum
05:25 Arcane Sanctum
08:11 Guard Tower
08:12 Guard Tower
08:19 Arcane Tower
09:03 Scout Tower
09:19 Scout Tower
09:34 Guard Tower
09:36 Scout Tower
09:45 Farm
09:47 Guard Tower
09:49 Scout Tower
10:09 Guard Tower
10:21 Arcane Vault
10:22 Guard Tower
10:26 Scout Tower
» items
                
                | Scroll of Regeneration | 1 |  | 
| Ivory Tower | 3 |  | 
                4 total
  
               team 2 (loser) 
              
              
» 
WWGT]Dagda (
blue | 136 APM | 1458 actions | 10:44)
              
 2 Demon Hunter 
 1 Mana Burn
 1 Evasion
 1 Pandaren Brewmaster 
 1 Breath of Fire
 
                » actions 
                
                | Assign group hotkey | 439 |  | 
| Basic commands | 29 |  | 
| Build / train | 40 |  | 
| ESC pressed | 5 |  | 
| Enter build submenu | 14 |  | 
| Enter hero's abilities submenu | 3 |  | 
| Right click | 537 |  | 
| Select / deselect | 156 |  | 
| Select group hotkey | 171 |  | 
| Use ability | 64 |  | 
                1458 total
 » units 
                
                | Wisp | 15 |  | 
| Archer | 4 |  | 
| Huntress | 2 |  | 
| Dryad | 3 |  | 
                24 total
 » upgrades
                » buildings
                
                | Altar of Elders | 1 |  | 
| Moon Well | 4 |  | 
| Ancient of War | 3 |  | 
| Hunter's Hall | 1 |  | 
| Tree of Ages | 2 |  | 
| Ancient of Wonders | 1 |  | 
| Ancient of Lore | 2 |  | 
| Tree of Eternity | 1 |  | 
| Ancient Protector | 2 |  | 
                17 total
 » build order
                00:02 Altar of Elders
00:19 Moon Well
00:32 Ancient of War
01:41 Moon Well
02:22 Ancient of War
03:19 Hunter's Hall
04:43 Tree of Ages
04:43 Tree of Ages
05:15 Moon Well
05:15 Moon Well
06:15 Ancient of Wonders
07:18 Ancient of Lore
07:20 Ancient of Lore
07:20 Tree of Eternity
09:31 Ancient Protector
09:32 Ancient Protector
09:51 Ancient of War
» items
                
                | Boots of Speed | 1 |  | 
| Staff of Teleportation | 1 |  | 
| Potion of Healing | 2 |  | 
| Moonstone | 1 |  | 
                5 total
  
                Chat log
          
(10:44 / All) WWGT]Dagda: gg